BSA
VISTA PANTHERS @ MADISON BOMBERS
05/28/2026
 
TOP OF THE 1ST
Vista Panthers batting - Pitching for Madison Bombers : LHP Juan Espinosa
Pitching: LHP Juan Espinosa
Batting: RHB Eugenio Lucero 0-0: Called Strike
0-1: Foul Ball, location: 2F
0-2: Ball
1-2: Ball
2-2: Fly out, F8 (Flyball, 8RD)
Batting: RHB Roberto Cruz 0-0: Called Strike
0-1: Foul Ball, location: 2F
0-2: Strikes out swinging
Batting: SHB Mark Wells 0-0: TRIPLE (Line Drive, 78M)
Batting: RHB John Mendelson 0-0: Called Strike
0-1: Ball
1-1: Ball
2-1: Reached on error, E6 (Groundball, 6)
Mark Wells scores
Batting: RHB Salvador Salas 0-0: Ball
1-0: Ground out 5-3 (Groundball, 56)
Top of the 1st over - 1 run(s), 1 hit(s), 1 error(s), 1 left on base; Vista 1 - Madison 0
BOTTOM OF THE 1ST
Madison Bombers batting - Pitching for Vista Panthers : RHP Jesse Green
Pitching: RHP Jesse Green
Batting: RHB Guo-xiu Choi 0-0: Swinging Strike
0-1: Ball
1-1: Foul Ball, location: 2F
1-2: Ball
2-2: Foul Ball, location: 2F
2-2: Ball
3-2: Ground out 1-3 (Groundball, 13S)
Batting: RHB Alonso Holguín 0-0: Ground out 4-3 (Groundball, 4)
Batting: LHB Seung-chun Mun 0-0: Called Strike
0-1: Called Strike
0-2: Ball
1-2: Ball
2-2: Ball
3-2: Foul Ball, location: 2F
3-2: Reached on error, E4 (Groundball, 4M)
Batting: LHB Mike Callahan 0-0: Called Strike
0-1: Ball
1-1: Foul Ball, location: 2F
1-2: SINGLE (Groundball, 34D)
Seung-chun Mun to third
Runner from 3rd tries for Home, SAFE, no throw or cutoff
Batting: RHB Vicente Aguirre 0-0: Called Strike
0-1: Ball
1-1: Ball
2-1: Fielders Choice at 2nd, U4 (Groundball, 4M)
Bottom of the 1st over - 1 run(s), 1 hit(s), 1 error(s), 1 left on base; Vista 1 - Madison 1
TOP OF THE 2ND
Vista Panthers batting - Pitching for Madison Bombers : LHP Juan Espinosa
Batting: RHB Phil Matthews 0-0: Called Strike
0-1: Ball
1-1: Ball
2-1: SINGLE (Line Drive, 7S)
Batting: LHB Jesús González 0-0: Fly out, F7 (Flyball, 78M)
Batting: RHB Teddy Bates 0-0: Called Strike
0-1: Ball
1-1: Ball
2-1: Foul Ball, location: 2F
2-2: SINGLE (Line Drive, 34D)
Phil Matthews to second
Batting: LHB Francisco Marino 0-0: Foul Ball, location: 2F
0-1: Swinging Strike
0-2: Ball
1-2: Ball
2-2: Foul Ball, location: 2F
2-2: Strikes out looking
Batting: RHB Eugenio Lucero 0-0: Swinging Strike
0-1: Ball
1-1: Ball
2-1: Foul Ball, location: 2F
2-2: Ball
3-2: SINGLE (Groundball, 23) (infield hit)
Phil Matthews to third
Teddy Bates to second
Batting: RHB Roberto Cruz 0-0: Foul Ball, location: 2F
0-1: Ball
1-1: Called Strike
1-2: Ball
2-2: Ball
3-2: Foul Ball, location: 2F
3-2: Foul Ball, location: 2F
3-2: Foul Ball, location: 2F
3-2: Fly out, F5 (Line Drive, 5)
Top of the 2nd over - 0 run(s), 3 hit(s), 0 error(s), 3 left on base; Vista 1 - Madison 1
BOTTOM OF THE 2ND
Madison Bombers batting - Pitching for Vista Panthers : RHP Jesse Green
Batting: RHB Sergio Márquez 0-0: Called Strike
0-1: Ground out 5-3 (Groundball, 5S)
Batting: LHB Sixto Cantú 0-0: Ball
1-0: Ball
2-0: Swinging Strike
2-1: Foul Ball, location: 2F
2-2: Ball
3-2: Base on Balls
Batting: SHB Dave MacThomas 0-0: Ball
1-0: Foul Ball, location: 2F
1-1: Swinging Strike
1-2: Foul Ball, location: 2F
1-2: Strikes out swinging
Batting: SHB Jorge Flores 0-0: Called Strike
0-1: Swinging Strike
0-2: Ball
1-2: Foul Ball, location: 2F
1-2: Fly out, F8 (Flyball, 8LS)
Bottom of the 2nd over - 0 run(s), 0 hit(s), 0 error(s), 1 left on base; Vista 1 - Madison 1
TOP OF THE 3RD
Vista Panthers batting - Pitching for Madison Bombers : LHP Juan Espinosa
Batting: SHB Mark Wells 0-0: Called Strike
0-1: Swinging Strike
0-2: Ball
1-2: Foul Ball, location: 2F
1-2: Strikes out swinging
Batting: RHB John Mendelson 0-0: Called Strike
0-1: Ball
1-1: Foul Ball, location: 2F
1-2: Ball
2-2: Strikes out swinging
Batting: RHB Salvador Salas 0-0: Ball
1-0: Swinging Strike
1-1: Ball
2-1: Foul Ball, location: 2F
2-2: Foul Ball, location: 2F
2-2: Foul Ball, location: 2F
2-2: Strikes out swinging
Top of the 3rd over - 0 run(s), 0 hit(s), 0 error(s), 0 left on base; Vista 1 - Madison 1
BOTTOM OF THE 3RD
Madison Bombers batting - Pitching for Vista Panthers : RHP Jesse Green
Batting: RHB Guo-xiu Choi 0-0: Ground out 6-3 (Groundball, 6)
Batting: RHB Alonso Holguín 0-0: Ball
1-0: Ball
2-0: SINGLE (Line Drive, 9LS)
Batting: LHB Seung-chun Mun 0-0: Called Strike
0-1: Ball
1-1: Foul Ball, location: 2F
1-2: Ball
2-2: Foul Ball, location: 2F
2-2: Fielders Choice at 2nd, 3-6 (Groundball, 3)
Batting: LHB Mike Callahan 0-0: Ball
1-0: Foul Ball, location: 2F
1-1: Ball
2-1: SINGLE (Groundball, 4M)
Seung-chun Mun to second
Runner from 2nd tries for 3rd, SAFE, throw made to third
Batting: RHB Vicente Aguirre 0-0: Foul Ball, location: 2F
0-1: Ground out 6-3 (Groundball, 6)
Bottom of the 3rd over - 0 run(s), 2 hit(s), 0 error(s), 2 left on base; Vista 1 - Madison 1
TOP OF THE 4TH
Vista Panthers batting - Pitching for Madison Bombers : LHP Juan Espinosa
Batting: RHB Phil Matthews 0-0: Ball
1-0: Foul Ball, location: 2F
1-1: Ball
2-1: Ground out 5-3 (Groundball, 56)
Batting: LHB Jesús González 0-0: Ball
1-0: Foul Ball, location: 2F
1-1: Ball
2-1: SINGLE (Line Drive, 6M)
Batting: RHB Teddy Bates 0-0: Swinging Strike
0-1: Ball
1-1: SINGLE (Line Drive, 6D)
Jesús González to second
Batting: LHB Francisco Marino 0-0: Ball
1-0: Ball
2-0: Called Strike
2-1: Called Strike
2-2: Foul Ball, location: 2F
2-2: Ball
3-2: Base on Balls
Jesús González to third
Teddy Bates to second
Batting: RHB Eugenio Lucero 0-0: Ball
1-0: Called Strike
1-1: Foul Ball, location: 2F
1-2: Ball
2-2: SINGLE (Line Drive, 5L)
Jesús González scores
Teddy Bates to third
Francisco Marino to second
Batting: RHB Roberto Cruz 0-0: Ball
1-0: Called Strike
1-1: Called Strike
1-2: Ground out 3-1 (Groundball, 34)
Teddy Bates scores
Francisco Marino to third
Eugenio Lucero to second
Batting: SHB Mark Wells 0-0: SINGLE (Groundball, 56D)
Francisco Marino scores
Eugenio Lucero to third
Runner from 3rd tries for Home, SAFE, throw made home
Mark Wells to second
Batting: RHB John Mendelson 0-0: Foul Ball, location: 2F
0-1: Ball
1-1: Ball
2-1: Ball
3-1: Base on Balls
Batting: RHB Salvador Salas 0-0: Ball
1-0: Swinging Strike
1-1: DOUBLE (Flyball, 78D)
Mark Wells scores
John Mendelson to third
Runner from 3rd tries for Home, SAFE, no throw or cutoff
Pitching: RHP Arthur Green
Batting: RHB Phil Matthews 0-0: Ball
1-0: Fly out, F5 (Popup, 5F)
Top of the 4th over - 6 run(s), 5 hit(s), 0 error(s), 1 left on base; Vista 7 - Madison 1
BOTTOM OF THE 4TH
Madison Bombers batting - Pitching for Vista Panthers : RHP Jesse Green
Batting: RHB Sergio Márquez 0-0: Swinging Strike
0-1: Ball
1-1: Foul Ball, location: 2F
1-2: Ground out 5-3 (Groundball, 5)
Batting: LHB Sixto Cantú 0-0: Swinging Strike
0-1: Called Strike
0-2: Foul Ball, location: 2F
0-2: Fly out, F6 (Line Drive, 6)
Batting: SHB Dave MacThomas 0-0: Foul Ball, location: 2F
0-1: Ball
1-1: Ball
2-1: Reached on error, E4 (Groundball, 4)
Batting: SHB Jorge Flores 0-0: Ground out 4-3 (Groundball, 4)
Bottom of the 4th over - 0 run(s), 0 hit(s), 1 error(s), 1 left on base; Vista 7 - Madison 1
TOP OF THE 5TH
Vista Panthers batting - Pitching for Madison Bombers : RHP Arthur Green
Batting: LHB Jesús González 0-0: SINGLE (Groundball, 4M)
Batting: RHB Teddy Bates 0-0: Called Strike
0-1: Ball
1-1: Ball
2-1: Foul Ball, location: 2F
2-2: Strikes out looking
Batting: LHB Francisco Marino 0-0: Ball
1-0: Called Strike
1-1: Ball
2-1: Ball
3-1: Base on Balls
Jesús González to second
Batting: RHB Eugenio Lucero 0-0: Grounds into double play, U6-3 (Groundball, 6M)
Top of the 5th over - 0 run(s), 1 hit(s), 0 error(s), 1 left on base; Vista 7 - Madison 1
BOTTOM OF THE 5TH
Madison Bombers batting - Pitching for Vista Panthers : RHP Jesse Green
Batting: RHB Guo-xiu Choi 0-0: Called Strike
0-1: Ball
1-1: Foul Ball, location: 2F
1-2: Strikes out swinging
Batting: RHB Alonso Holguín 0-0: Ball
1-0: Called Strike
1-1: Called Strike
1-2: Ball
2-2: Strikes out swinging
Batting: LHB Seung-chun Mun 0-0: Called Strike
0-1: Foul Ball, location: 2F
0-2: Foul Ball, location: 2F
0-2: SINGLE (Line Drive, 8RS)
Batting: LHB Mike Callahan 0-0: Called Strike
0-1: Called Strike
0-2: Foul Ball, location: 2F
0-2: Ball
1-2: Strikes out swinging
Bottom of the 5th over - 0 run(s), 1 hit(s), 0 error(s), 1 left on base; Vista 7 - Madison 1
TOP OF THE 6TH
Vista Panthers batting - Pitching for Madison Bombers : RHP Arthur Green
Batting: RHB Roberto Cruz 0-0: SINGLE (Flyball, 8RS)
Batting: SHB Mark Wells 0-0: Called Strike
0-1: Foul Ball, location: 2F
0-2: SINGLE (Groundball, 34D)
Roberto Cruz to second
Runner from 2nd tries for 3rd, SAFE, throw made to third
Mark Wells to second
Batting: RHB John Mendelson 0-0: Swinging Strike
0-1: Ball
1-1: Foul Ball, location: 2F
1-2: Ball
2-2: Ball
3-2: Base on Balls
Batting: RHB Salvador Salas 0-0: Called Strike
0-1: Swinging Strike
0-2: SINGLE (Line Drive, 6)
Roberto Cruz scores
Mark Wells to third
John Mendelson to second
Batting: RHB Phil Matthews 0-0: Fly out, F8 (Flyball, 8LD)
Runner from 3rd tags up, SCORES, no throw
John Mendelson to third
Batting: LHB Jesús González 0-0: Grounds into double play, 4-6-3 (Groundball, 4)
Top of the 6th over - 2 run(s), 3 hit(s), 0 error(s), 1 left on base; Vista 9 - Madison 1
BOTTOM OF THE 6TH
Madison Bombers batting - Pitching for Vista Panthers : RHP Jesse Green
Batting: RHB Vicente Aguirre 0-0: Ball
1-0: Foul Ball, location: 2F
1-1: Foul Ball, location: 2F
1-2: Ball
2-2: Ball
3-2: Strikes out looking
Batting: RHB Sergio Márquez 0-0: Called Strike
0-1: Ball
1-1: Foul Ball, location: 2F
1-2: Ground out 5-3 (Groundball, 56)
Batting: LHB Sixto Cantú 0-0: Swinging Strike
0-1: Fly out, F2 (Popup, 2LF)
Bottom of the 6th over - 0 run(s), 0 hit(s), 0 error(s), 0 left on base; Vista 9 - Madison 1
TOP OF THE 7TH
Vista Panthers batting - Pitching for Madison Bombers : RHP Arthur Green
Pitching: RHP Manny Canseco
Batting: RHB Teddy Bates 0-0: Foul Ball, location: 2F
0-1: Swinging Strike
0-2: Strikes out swinging
Batting: LHB Francisco Marino 0-0: Swinging Strike
0-1: Swinging Strike
0-2: Ball
1-2: Strikes out swinging
Batting: RHB Eugenio Lucero 0-0: Foul Ball, location: 2F
0-1: Foul Ball, location: 2F
0-2: Ball
1-2: SINGLE (Line Drive, 78S)
Batting: RHB Roberto Cruz 0-0: Ball
1-0: Ball
2-0: Ball
3-0: Called Strike
3-1: Called Strike
3-2: Strikes out looking
Top of the 7th over - 0 run(s), 1 hit(s), 0 error(s), 1 left on base; Vista 9 - Madison 1
BOTTOM OF THE 7TH
Madison Bombers batting - Pitching for Vista Panthers : RHP Jesse Green
Now at 1B: Iván De Jesús
Batting: SHB Dave MacThomas 0-0: Called Strike
0-1: Ball
1-1: Ball
2-1: Ground out 5-3 (Groundball, 56)
Batting: SHB Jorge Flores 0-0: Ball
1-0: Ground out 6-3 (Groundball, 6M)
Batting: RHB Guo-xiu Choi 0-0: Bunt missed!
0-1: Called Strike
0-2: Foul Ball, location: 2F
0-2: Ball
1-2: Ball
2-2: Ball
3-2: Ground out 6-3 (Groundball, 6M)
Bottom of the 7th over - 0 run(s), 0 hit(s), 0 error(s), 0 left on base; Vista 9 - Madison 1
TOP OF THE 8TH
Vista Panthers batting - Pitching for Madison Bombers : RHP Manny Canseco
Batting: SHB Mark Wells 0-0: Ball
1-0: Ball
2-0: Foul Ball, location: 2F
2-1: Foul Ball, location: 2F
2-2: Foul Ball, location: 2F
2-2: Ball
3-2: Foul Ball, location: 2F
3-2: DOUBLE (Line Drive, 5D)
Batting: RHB John Mendelson 0-0: Foul Ball, location: 2F
0-1: Foul Ball, location: 2F
0-2: Ball
1-2: Foul Ball, location: 2F
1-2: SINGLE (Groundball, 56)
Mark Wells to third
Runner from 3rd tries for Home, SAFE, no throw or cutoff
Batting: RHB Salvador Salas 0-0: Swinging Strike
0-1: Swinging Strike
0-2: Ground out 5-3 (Groundball, 5S)
John Mendelson to second
Pitching: RHP Ramiro Rivera
Batting: RHB Phil Matthews 0-0: Called Strike
0-1: Swinging Strike
0-2: Ball
1-2: Ground out 5-3 (Groundball, 56)
Batting: LHB Jesús González 0-0: Ball
1-0: Called Strike
1-1: Ball
2-1: Swinging Strike
2-2: Ground out 4-3 (Groundball, 4)
Top of the 8th over - 1 run(s), 2 hit(s), 0 error(s), 1 left on base; Vista 10 - Madison 1
BOTTOM OF THE 8TH
Madison Bombers batting - Pitching for Vista Panthers : RHP Jesse Green
Pitching: RHP Mitsunari Taguchi
Batting: RHB Alonso Holguín 0-0: Ball
1-0: Ground out 6-3 (Groundball, 6)
Batting: LHB Seung-chun Mun 0-0: Called Strike
0-1: Ball
1-1: Foul Ball, location: 2F
1-2: Foul Ball, location: 2F
1-2: Ball
2-2: Ground out 1-3 (Groundball, 23)
Batting: LHB Mike Callahan 0-0: Called Strike
0-1: Foul Ball, location: 2F
0-2: Strikes out swinging
Bottom of the 8th over - 0 run(s), 0 hit(s), 0 error(s), 0 left on base; Vista 10 - Madison 1
TOP OF THE 9TH
Vista Panthers batting - Pitching for Madison Bombers : RHP Ramiro Rivera
Batting: RHB Teddy Bates 0-0: Foul Ball, location: 2F
0-1: Ball
1-1: Ball
2-1: Ball
3-1: Called Strike
3-2: Fly out, F7 (Flyball, 78XD)
Batting: LHB Francisco Marino 0-0: Foul Ball, location: 2F
0-1: Ball
1-1: Ball
2-1: DOUBLE (Line Drive, 89D)
Batting: RHB Eugenio Lucero 0-0: Called Strike
Francisco Marino steals 3rd base
0-1: Ball
1-1: Ball
2-1: Foul Ball, location: 2F
2-2: Ball
3-2: Foul Ball, location: 2F
3-2: Base on Balls
Batting: RHB Iván De Jesús 0-0: Called Strike
0-1: Ball
1-1: Swinging Strike
1-2: Foul Ball, location: 2F
1-2: Strikes out swinging
Batting: SHB Mark Wells 0-0: Ball
1-0: Fly out, F8 (Flyball, 8LD)
Top of the 9th over - 0 run(s), 1 hit(s), 0 error(s), 2 left on base; Vista 10 - Madison 1
BOTTOM OF THE 9TH
Madison Bombers batting - Pitching for Vista Panthers : RHP Mitsunari Taguchi
Batting: RHB Vicente Aguirre 0-0: SINGLE (Flyball, 8LS)
Batting: RHB Sergio Márquez 0-0: Foul Ball, location: 2F
0-1: Ball
1-1: Foul Ball, location: 2F
1-2: Grounds into double play, 5-4-3 (Groundball, 56)
Batting: LHB Sixto Cantú 0-0: Ground out U3 (Groundball, 3S)
Bottom of the 9th over - 0 run(s), 1 hit(s), 0 error(s), 0 left on base; Vista 10 - Madison 1
Monday, December 5th, 2016 - OOTP Baseball 17.12 Build 75